 Dungeon Crawl Stone Soup version 0.31.0-32-g396128a36d (webtiles) character file.

Game seed: 9902640546765522051

234 Alphaeus the Ruffian (level 5, 0/49 HPs)
             Began as a Troll Shapeshifter on Mar 19, 2024.
             Slain by a two-headed ogre
             ... wielding a +0 giant club
              (18 damage)
             ... on level 4 of the Dungeon.
             The game lasted 00:01:49 (1953 turns).

Alphaeus the Ruffian (Troll Shapeshifter)           Turns: 1953, Time: 00:01:50

Health: 0/49       AC:  4    Str: 24    XL:     5   Next: 75%
Magic:  4/4        EV:  9    Int:  6    God:
Gold:   176        SH:  0    Dex:  9    Spells: 4/4 levels left

rFire   . .          .
                       - Unarmed
rCold   . . .        (no shield)
rNeg    . . .        a - +0 animal skin
rPois   .            (helmet currently unavailable)
rElec   .            (cloak currently unavailable)
rCorr   .            (gloves unavailable)
SInv    .            (boots unavailable)
Will    .....        (no amulet)
Stlth   +            (no ring)
HPRegen 1.08/turn    (no ring)
MPRegen 0.09/turn

%: no passive effects
@: beast-form
A: beast (slay +2), large, unfitting armour, claws 3, regeneration 1, shaggy fur
1, tough skin 1
a: Begin Untransformation


You were on level 4 of the Dungeon.
You were a hulking beast.
You visited 1 branch of the dungeon, and saw 4 of its levels.

You collected 176 gold pieces.

Inventory:

Armour
 a - a +0 animal skin (worn)
 n - an orb of energy
Jewellery
 h - a +6 ring of intelligence
 p - a +6 ring of intelligence
Talismans
 c - a beast talisman
 d - a flux talisman
 u - a serpent talisman
Wands
 o - a wand of polymorph (2)
Scrolls
 f - a scroll of noise {unknown}
 g - a scroll of amnesia {unknown}
 i - a scroll of blinking {unknown}
 j - a scroll of fog {unknown}
 k - 2 scrolls of teleportation {unknown}
 m - a scroll of enchant weapon {unknown}
 s - a scroll of immolation {unknown}
 v - 2 scrolls of identify {unknown}
Potions
 b - 2 potions of lignification
 e - 2 potions of invisibility {unknown}
 l - 2 potions of cancellation {unknown}
 q - 2 potions of mutation {unknown}
 r - 2 potions of curing {unknown}
 t - a potion of degeneration {unknown}


   Skills:
 + Level 2.1 Fighting
 - Level 1.5 Dodging
 * Level 4.7 Unarmed Combat
 * Level 4.4 Shapeshifting


You had 4 spell levels left.
You didn't know any spells.
Your spell library was empty.

Dungeon Overview and Level Annotations

Branches:
Dungeon (4/15)
 Temple: D:4-7

Altars:
Xom


Innate Abilities, Weirdness & Mutations

You are a hulking beast.
Your limbs bulge with bestial killing power. (Slay +2)
You are too large for most types of armour.
You have claws for hands.
Your natural rate of healing is unusually fast.
You are covered in fur. (AC +1)
You have tough skin. (AC +1)


Message History

Found 2 datura-tipped darts.
You now have 176 gold pieces (gained 11).
No target in view!
Found a leather armour.
No target in view! 3 orcs come into view.
The orc shouts! x3; You hear two shouts!
An orc comes into view. It is wielding a +0 hand axe.
The orc shouts!
There are monsters nearby!
You completely miss the orc.
There are monsters nearby!
You claw the orc!
You kill the orc!
There are monsters nearby!
You scratch the orc.
The orc is severely wounded.
The orc hits you with a +0 hand axe.
A two-headed ogre comes into view. It is wielding two +0 giant clubs.
You completely miss the orc.
The orc is severely wounded.
The two-headed ogre shouts in stereo!
The orc hits you with a +0 hand axe.
You scratch the orc.
You kill the orc!
You claw the orc!
You kill the orc!
An orc comes into view.
It is wielding a +0 hand axe and wearing a +1 ring mail of fire resistance.
The orc shouts!
You scratch the two-headed ogre. You claw the two-headed ogre!
The two-headed ogre is moderately wounded.
The two-headed ogre hits you with a +0 giant club! x2
You are too injured to fight recklessly!
You are too injured to fight recklessly!
You claw the two-headed ogre!
The two-headed ogre is heavily wounded.
You claw the two-headed ogre!
The two-headed ogre is severely wounded.
The two-headed ogre hits you with a +0 giant club!!
You die...

#######
#...##.............
#
#.#.##.#.#.##.###.#
#
#......#...†......
#
#...##.#.#.#.##.#.
#
#...##...#........
#
...##.#....(.#.#..
#.
#....#.#.)....#.#
.. .##........#...
# #.#h##.#.#.#. .#
#.....)Oo.....
##..#
...##.###o##.#.#
..... ## ...
.....[.. ..... .##
#.##.#. ..... # .#
.# ..... . ..... #
###+#


You could see a two-headed ogre and 2 orcs.

Vanquished Creatures
  An iguana (D:4)
  Terence (D:3)
  10 adders
  A ribbon worm (D:2)
  2 dart slugs (D:1)
  3 orcs (D:4)
  9 ball pythons
  10 endoplasms
  5 giant cockroaches
  5 goblins
  8 hobgoblins
  3 jackals (D:2)
  2 quokkas
  5 bats
  3 frilled lizards
  13 kobolds
  6 rats
87 creatures vanquished.

Notes
Turn   | Place    | Note
-------+----------+-------------------------------------------
     0 | D:1      | Alphaeus the Troll Shapeshifter began the quest for the
                  | Orb.
     0 | D:1      | Reached XP level 1. HP: 18/18 MP: 0/0
   109 | D:1      | Reached skill level 1 in Fighting
   156 | D:1      | Reached XP level 2. HP: 26/27 MP: 1/1
   296 | D:1      | Found a faded altar of an unknown god.
   749 | D:2      | Reached XP level 3. HP: 33/33 MP: 2/2
   877 | D:2      | Reached XP level 4. HP: 36/41 MP: 3/3
   916 | D:2      | Found a shimmering altar of Xom.
  1373 | D:3      | Reached XP level 5. HP: 49/49 MP: 4/4
  1504 | D:3      | Noticed Terence
  1511 | D:3      | Killed Terence
  1947 | D:4      | Noticed a two-headed ogre
  1953 | D:4      | Slain by a two-headed ogre

Illustrated notes

Levels and vault maps discovered:
D:1:      mushboom_english_gardens, layout_loops_ring,
          ebering_ecumenical_altar_box
D:2:      minmay_diamond_boxcup, layout_rooms, basic_altar,
          hangedman_glass_garden
D:3:      layout_rooms, minmay_increasing_density, uniq_terence
D:4:      layout_basic, minmay_diced_spiral

Skill      XL: |  1  2  3  4  5 |
---------------+----------------+-----
Fighting       | 1 2 |  2.1
Unarmed Combat | 4 |  4.7
Shapeshifting  | 4 |  4.4
Dodging        | |  1.5

Action                     |  1- 3 |  4- 6 || total
---------------------------+-------+-------++-------
  Melee: Unarmed           |    72 |   112 ||   184
         Punch             |     1 |     3 ||     4
 Armour: Animal skin       |    53 |    73 ||   126
  Dodge: Dodged            |    26 |    44 ||    70
